 Dungeon Crawl Stone Soup version 0.21-a0-426-g98080a9 (webtiles) character file.

116 mastercheaf21 the Sneak (level 5, -6/33 HPs)
             Began as an Octopode Transmuter on Nov 7, 2017.
             Mangled by Grinder (10 damage)
             ... on level 3 of the Dungeon.
             The game lasted 00:08:16 (2556 turns).

mastercheaf21 the Sneak (Octopode Transmuter)       Turns: 2556, Time: 00:08:17

Health: -6/33      AC:  1    Str: 10    XL:     5   Next: 0%
Magic:  7/8        EV: 13    Int: 15    God:
Gold:   156        SH:  0    Dex: 13    Spells: 7/8 levels left

rFire    . . .     SeeInvis .     - Unarmed
rCold    . . .     Gourm    .   (no shield)
rNeg     . . .     Faith    .   (helmet restricted)
rPois    .         Spirit   .   (no amulet)
rElec    .         Reflect  .   o - ring of protection from magic
rCorr    .         Harm     .   (no ring)
MR       +....                  (no ring)
Stlth    ++++......             (no ring)
HPRegen  0.11/turn              (no ring)
MPRegen  0.11/turn              (no ring)
                                (no ring)
                                (no ring)

@: appendage (expiring)
A: almost no armour, stealthy swim, amphibious, 8 rings, constrict 8, tentacle
spike 3, camouflage 1, gelatinous body 1
a: End Transformation


You were on level 3 of the Dungeon.
You were not hungry.
One of your tentacles had a temporary spike.
You visited 1 branch of the dungeon, and saw 3 of its levels.

You collected 156 gold pieces.

Inventory:

Missiles
 a - 29 arrows
 h - 7 tomahawks (quivered)
Jewellery
 o - a ring of protection from magic (left tentacle)
Scrolls
 d - 3 scrolls of enchant armour {unknown}
 e - a scroll of remove curse {unknown}
 f - 3 scrolls of identify {unknown}
 i - a scroll of fog {unknown}
 k - a scroll of random uselessness {unknown}
 l - a scroll of magic mapping {unknown}
 r - a scroll of fear {unknown}
Potions
 g - a potion of heal wounds {unknown}
 j - a potion of haste {unknown}
 n - 2 potions of curing {unknown}
 p - a potion of degeneration {unknown}
 q - a potion of invisibility {unknown}
Books
 b - a book of Changes

   Spells                             Type                      Level
   a - Beastly Appendage              Transmutation                1
   b - Sticks to Snakes               Transmutation                2
   c - Spider Form                    Transmutation/Poison         3
   d - Ice Form                       Ice/Transmutation            4
   e - Blade Hands                    Transmutation                5
Comestibles
 c - 2 bread rations
 m - 2 royal jellies


   Skills:
 - Level 1.0 Fighting
 - Level 2.0 Dodging
 - Level 6.4 Stealth
 + Level 3.0 Unarmed Combat
 - Level 2.0 Spellcasting
 - Level 2.0 Transmutations


You had 7 spell levels left.
You knew the following spells:

 Your Spells              Type           Power        Failure   Level  Hunger
a - Beastly Appendage     Tmut           #.....       10%         1    #......


Dungeon Overview and Level Annotations

Branches:
Dungeon (3/15)

Altars:

Annotations:
D:3 Grinder


Innate Abilities, Weirdness & Mutations

You cannot wear most types of armour.
You are very stealthy in the water. (Stealth+)
You are amphibious.
You can wear up to eight rings at the same time.
You can use your tentacles to constrict eight enemies at once.
Your skin changes colour to match your surroundings (Stealth+).
Your rubbery body absorbs attacks. (AC +1, EV +1)
One of your tentacles bears a large vicious spike.


Message History

Grinder is lightly wounded.
You constrict Grinder. Grinder hits you!
You tentacle-slap Grinder but do no damage.
You pierce Grinder, but do no damage.
You squeeze Grinder, but do no damage.
Grinder is lightly wounded.
You constrict Grinder, but do no damage.
Grinder gestures at you. You resist with some effort.
You tentacle-slap Grinder but do no damage.
Your tentacle spike misses Grinder.
You squeeze Grinder.
Grinder is lightly wounded.
You constrict Grinder, but do no damage.
Grinder gestures at you. Pain shoots through your body!
* * * LOW HITPOINT WARNING * * *
You barely miss Grinder.
You pierce Grinder.
Grinder is moderately wounded.
Your transformation is almost over.
You constrict Grinder. Grinder hits you!
You die...

#.#.. ..#.# #.#.#. #.#.######.#.#
#.#.#. .... #.#.#....#.#.# #.#.#.
.... #.#.#.##...#.#######.#.#.
..?. ###.#.#...>............#.##
.... #.....)....................
.... #.#.#.#......#.#...........
g..ยง###.#.#.##.#...>...........##
........#.#....5@#.#........#####
............##.#.#.#.............
...........###.#.#.#.#.##########
............##.#.#...#.##........
.....##.#+#.##.#.....#.##.#######
.#.#..#.#.#.##.###.#.#...........
.#.#....#.#.##.# #.#.#.##.###....
#.#.%#...#.##.###.#.#.##........
#....+...+........#.#.##########


You could see Grinder.

Vanquished Creatures
  5 gnolls
  An adder (D:2)
  An ooze (D:2)
  A worm (D:2)
  2 dart slugs
  3 leopard geckos
  A ball python (D:2)
  4 bats
  4 giant cockroaches
  9 goblins
  A hobgoblin (D:1)
  5 frilled lizards
  6 kobolds
  3 rats (D:1)
46 creatures vanquished.

Notes
Turn   | Place    | Note
-------+----------+-------------------------------------------
     0 | D:1      | mastercheaf21 the Octopode Transmuter began the quest for the Orb.
     0 | D:1      | Reached XP level 1. HP: 13/13 MP: 3/3
    29 | D:1      | Reached skill level 1 in Stealth
   166 | D:1      | Reached skill level 2 in Stealth
   219 | D:1      | Reached XP level 2. HP: 16/18 MP: 5/5
   323 | D:1      | Reached skill level 3 in Stealth
   390 | D:1      | Reached XP level 3. HP: 9/23 MP: 6/6
   595 | D:1      | Reached skill level 4 in Stealth
  1360 | D:2      | Reached skill level 5 in Stealth
  1501 | D:2      | Reached XP level 4. HP: 28/28 MP: 7/7
  2164 | D:3      | Reached skill level 6 in Stealth
  2414 | D:3      | Reached XP level 5. HP: 32/33 MP: 8/8
  2446 | D:3      | Noticed Grinder
  2556 | D:3      | Mangled by Grinder

Vault maps used:
D:1:      zelgadis_glass_arrival_small
D:3:      first_bread, uniq_grinder

Skill      XL: |  1  2  3  4 |
---------------+-------------+-----
Stealth        | 2 3 5 6 |  6.4
Fighting       | |  1.0
Dodging        | |  2.0
Unarmed Combat | |  3.0
Spellcasting   | |  2.0
Transmutations | |  2.0

Action                   |  1- 3 |  4- 6 || total
-------------------------+-------+-------++-------
Melee: Unarmed           |    69 |    48 ||   117
       Constrict         |    16 |    11 ||    27
       Tentacles         |     7 |    13 ||    20
       Punch             |     2 |       ||     2
       Kick              |       |     6 ||     6
 Cast: Beastly Appendage |       |     3 ||     3
 Stab: Sleeping          |     6 |     7 ||    13
  Eat: Chunk             |     2 |     3 ||     5
Armor: Skin              |     8 |     3 ||    11
Dodge: Dodged            |    41 |    38 ||    79

Table legend:
 A = Spawn XP
 B = Non-spawn XP
 C = Spawn XP percentage of total XP
 D = Spawn monster count
 E = Non-spawn monster count
 F = Spawn count percentage of total count
 G = Total turns spent on level
                    A         B        C        D         E        F      G
               +---------+---------+-------+---------+---------+-------+---------
         Total |       0 |     166 |   0.0 |       0 |      46 |   0.0 |  2556
               +---------+---------+-------+---------+---------+-------+---------
           D:1 |       0 |      47 |   0.0 |       0 |      19 |   0.0 |  1060
           D:2 |       0 |      54 |   0.0 |       0 |      19 |   0.0 |   993
           D:3 |       0 |      65 |   0.0 |       0 |       8 |   0.0 |   503
               +---------+---------+-------+---------+---------+-------+---------
